 Dungeon Crawl Stone Soup version 0.21.0-25-ge575cb9 (webtiles) character file.

3181 Jorbantar the Ruffian (level 9, -11/89 HPs)
             Began as a Troll Necromancer on Jan 22, 2018.
             Was an Elder of Okawaru.
             Mangled by a death yak (25 damage)
             ... on level 8 of the Dungeon.
             The game lasted 00:15:42 (6520 turns).

Jorbantar the Ruffian (Troll Necromancer)           Turns: 6520, Time: 00:15:42

Health: -11/89     AC:  8    Str: 18    XL:     9   Next: 63%
Magic:  7/9        EV: 14    Int: 14    God:    Okawaru [****..]
Gold:   343        SH:  0    Dex: 10    Spells: 9/10 levels left

rFire    . . .     SeeInvis +     - Unarmed
rCold    . . .     Gourm    +   (no shield)
rNeg     + . .     Faith    .   a - +1 robe
rPois    .         Spirit   .   (helmet restricted)
rElec    .         Reflect  .   r - +0 cloak
rCorr    .         Harm     .   (gloves unavailable)
MR       .....                  (boots unavailable)
Stlth    +++.......             (no amulet)
HPRegen  0.64/turn              i - ring of positive energy
MPRegen  0.11/turn              C - ring of see invisible

@: heroism
A: large, unfitting armour, claws 3, fast metabolism 3, gourmand, regeneration
1, shaggy fur 1, tough skin 2
a: Heroism, Renounce Religion


You were on level 8 of the Dungeon.
You worshipped Okawaru.
Okawaru was greatly pleased with you.
You were very full.

You visited 1 branch of the dungeon, and saw 8 of its levels.

You collected 343 gold pieces.

Inventory:

Armour
 a - a +1 robe (worn)
 r - a +0 cloak (worn)
Jewellery
 i - a ring of positive energy (left claw)
 l - an uncursed ring of wizardry
 C - a ring of see invisible (right claw)
Wands
 D - a wand of digging (10)
 E - a wand of iceblast (9)
Scrolls
 f - 3 scrolls of remove curse
 j - a scroll of magic mapping
 m - 2 scrolls of enchant weapon
 o - 3 scrolls of fear
 q - a scroll of amnesia {unknown}
 t - a scroll of immolation
 v - a scroll of random uselessness {unknown}
 w - 2 scrolls of fog
Potions
 d - 2 potions of degeneration
 e - 3 potions of curing
 g - a potion of heal wounds {unknown}
 h - 3 potions of haste
 k - 3 potions of might {unknown}
 p - a potion of mutation {unknown}
 u - 2 potions of flight
 z - 2 potions of lignification {unknown}
 A - a potion of invisibility {unknown}
 B - a potion of agility {unknown}
Books
 b - a book of Necromancy

   Spells                             Type                      Level
   a - Pain                           Necromancy                   1
   b - Animate Skeleton               Necromancy                   1
   c - Vampiric Draining              Necromancy                   3
   d - Regeneration                   Charms/Necromancy            3
   e - Animate Dead                   Necromancy                   4
   f - Borgnjor's Vile Clutch         Necromancy/Earth             5
 n - a book of Misfortune

   Spells                             Type                      Level
   a - Confusing Touch                Hexes                        1
   b - Confuse                        Hexes                        3
   c - Gell's Gravitas                Translocation                3
   d - Petrify                        Transmutation/Earth          4
   e - Metabolic Englaciation         Hexes/Ice                    5
   f - Yara's Violent Unravelling     Hexes/Transmutation          5
Comestibles
 c - 21 rations


   Skills:
 * Level 6.0(11.0) Fighting
 + Level 4.3(9.3) Throwing
 + Level 3.9(8.9) Armour
 + Level 4.5(9.5) Dodging
 - Level 1.0(6.0) Stealth
 * Level 7.1(12.1) Unarmed Combat
 - Level 1.3 Spellcasting
 - Level 3.4 Necromancy


You had 9 spell levels left.
You knew the following spells:

 Your Spells              Type           Power        Failure   Level  Hunger
a - Pain                  Necr           ##..         6%          1    ##.....


Dungeon Overview and Level Annotations

Branches:
Dungeon (8/15)             Temple (0/1) D:7
   Lair: D:8-11

Altars:
Cheibriados
Fedhas
Gozag
Hepliaklqana
Nemelex Xobeh
Okawaru
Ru
Sif Muna
Vehumet
Xom
Zin


Innate Abilities, Weirdness & Mutations

You are too large for most types of armour.
You have claws for hands.
Your metabolism is lightning-fast.
You like to eat raw meat.
Your natural rate of healing is unusually fast.
You are covered in fur. (AC +1)
You have very tough skin. (AC +2)


Message History

You barely miss the death yak.
The death yak is lightly wounded.
The death yak gores you.
You scratch the death yak but do no damage.
The death yak is lightly wounded.
The death yak gores you!!
You scratch the death yak.
The death yak is lightly wounded.
The death yak gores you!
* * * LOW HITPOINT WARNING * * *
You mangle the death yak!!
The death yak is moderately wounded.
You mangle the death yak!!
The death yak is heavily wounded.
The death yak gores you!
* * * LOW HITPOINT WARNING * * *
You feel better. The death yak gores you.
* * * LOW HITPOINT WARNING * * *
You feel better. The death yak gores you!!
You die...

#..# #.#.#
#####..######.#.##
#................#
###..............)>#
...................#
##......[.........#
#....<...........#
####.####........#
#@# #........# #Y#
#........#
#..###Y####........#
#...YY...#........#
#........##########
#.........#
...#######.# ###.
..# # #.#


You could see 2 death yaks and 2 yaks.

Vanquished Creatures
  A death yak (D:8)
  Pikel (D:6)
  A hippogriff (D:7)
  Sigmund (D:6)
  A yak (D:8)
  Edmund (D:6)
  An orc warrior (D:7)
  2 ice beasts
  A slave (D:6)
  A necrophage (D:8)
  An ogre (D:6)
  A centaur (D:5)
  4 bullfrogs
  3 wights (D:7)
  3 crimson imps
  2 centaur skeletons
  A hound (D:7)
  A bullfrog skeleton (D:7)
  An orc priest (D:7)
  An orc wizard (D:6)
  Terence (D:3)
  4 worker ants
  A hound zombie (D:7)
  A worker ant zombie (D:5)
  6 adders
  4 gnolls (D:2)
  An ooze (D:2)
  An adder zombie (D:7)
  An adder skeleton (D:7)
  2 worms
  3 dart slugs
  A leopard gecko (D:4)
  14 orcs
  5 giant cockroaches
  10 goblins
  5 hobgoblins
  2 jackals (D:2)
  5 kobolds
  A quokka (D:2)
  A ball python (D:6)
  4 bats
  A frilled lizard (D:1)
  A jackal skeleton (D:5)
  A quokka zombie (D:3)
  6 rats
111 creatures vanquished.

Vanquished Creatures (others)
  3 orcs (D:6)
3 creatures vanquished.

Grand Total: 114 creatures vanquished

Notes
Turn   | Place    | Note
-------+----------+-------------------------------------------
     0 | D:1      | Jorbantar the Troll Necromancer began the quest for the Orb.
     0 | D:1      | Reached XP level 1. HP: 16/16 MP: 1/1
   221 | D:1      | Reached XP level 2. HP: 26/26 MP: 2/2
   325 | D:1      | Reached skill level 1 in Unarmed Combat
   775 | D:2      | Reached skill level 1 in Fighting
   779 | D:2      | Reached XP level 3. HP: 33/33 MP: 3/3
  1304 | D:2      | Reached XP level 4. HP: 20/41 MP: 4/4
  1307 | D:2      | Reached skill level 2 in Unarmed Combat
  1817 | D:2      | Found an opulent altar of Gozag.
  1826 | D:2      | Found an iron altar of Okawaru.
  1833 | D:2      | Found a hazy altar of Hepliaklqana.
  1847 | D:2      | Became a worshipper of Warmaster Okawaru
  1861 | D:2      | Found a radiant altar of Vehumet.
  1870 | D:2      | Found a glowing silver altar of Zin.
  1877 | D:2      | Found a sparkling altar of Nemelex Xobeh.
  1886 | D:2      | Found a blossoming altar of Fedhas.
  2101 | D:3      | Noticed Terence
  2107 | D:3      | Killed Terence
  2107 | D:3      | Reached XP level 5. HP: 49/49 MP: 5/5
  2147 | D:3      | Reached skill level 1 in Throwing
  2407 | D:3      | Reached skill level 1 in Armour
  2513 | D:3      | Found an opulent altar of Gozag.
  2764 | D:4      | You fall through a shaft for 3 floors!
  2791 | D:5      | Entered Level 5 of the Dungeon
  2842 | D:5      | Noticed a centaur
  2868 | D:5      | Killed a centaur
  3085 | D:4      | Reached XP level 6. HP: 59/59 MP: 6/6
  3104 | D:4      | Reached skill level 3 in Unarmed Combat
  3910 | D:5      | Reached * piety under Okawaru
  4001 | D:5      | Found a snail-covered altar of Cheibriados.
  4074 | D:5      | Found a white marble altar of Elyvilon.
  4076 | D:5      | Found a stormy altar of Qazlal.
  4076 | D:5      | Found a shimmering altar of Xom.
  4078 | D:5      | Found an iron altar of Okawaru.
  4078 | D:5      | Found a deep blue altar of Sif Muna.
  4078 | D:5      | Found a shimmering altar of Xom.
  4542 | D:5      | Found a sacrificial altar of Ru.
  4619 | D:6      | Noticed an ice beast
  4629 | D:6      | Killed an ice beast
  4682 | D:6      | Noticed Sigmund
  4709 | D:6      | Killed Sigmund
  4709 | D:6      | Reached XP level 7. HP: 33/67 MP: 7/7
  4823 | D:5      | Reached skill level 4 in Unarmed Combat
  4830 | D:5      | Reached ** piety under Okawaru
  5181 | D:6      | Noticed Edmund
  5193 | D:6      | Killed Edmund
  5193 | D:6      | Reached XP level 8. HP: 77/78 MP: 5/8
  5337 | D:6      | Noticed Pikel
  5371 | D:6      | Killed Pikel
  5371 | D:6      | Reached *** piety under Okawaru
  5371 | D:6      | Reached skill level 5 in Unarmed Combat
  5715 | D:7      | Reached skill level 5 in Fighting
  5780 | D:7      | Noticed a hippogriff
  5789 | D:7      | Killed a hippogriff
  5789 | D:7      | Reached skill level 6 in Unarmed Combat
  5789 | D:7      | Reached XP level 9. HP: 73/88 MP: 6/9
  6003 | D:7      | You fall through a shaft!
  6177 | D:7      | Found a staircase to the Ecumenical Temple.
  6481 | D:8      | Noticed a death yak
  6498 | D:8      | Noticed a death yak
  6502 | D:8      | Noticed a death yak
  6502 | D:8      | Killed a death yak
  6502 | D:8      | Reached **** piety under Okawaru
  6502 | D:8      | Reached skill level 7 in Unarmed Combat
  6520 | D:8      | Mangled by a death yak

Skill      XL: |  1  2  3  4  5  6  7  8  9 |
---------------+----------------------------+-----
Unarmed Combat | 1 2 3 4 6 7 |  7.1
Fighting       | 1 2 3 4 5 6 |  6.0
Dodging        | 2 3 4 |  4.5
Throwing       | 1 2 3 4 |  4.3
Armour         | 1 2 3 |  3.9
Stealth        | |  1.0
Spellcasting   | |  1.3
Necromancy     | |  3.4

Action                   |  1- 3 |  4- 6 |  7- 9 || total
-------------------------+-------+-------+-------++-------
Melee: Unarmed           |    96 |   174 |   176 ||   446
       Punch             |       |     3 |     9 ||    12
Invok: Heroism           |       |       |     7 ||     7
  Use: Scroll            |     3 |     6 |     6 ||    15
       Potion            |       |       |     3 ||     3
 Stab: Sleeping          |     2 |     2 |     1 ||     5
  Eat: Chunk             |    16 |    26 |    21 ||    63
Armor: Robe              |    25 |    46 |    57 ||   128
Dodge: Dodged            |    44 |    94 |    81 ||   219
